 Dungeon Crawl Stone Soup version 0.29-a0-414-g5075937ec3 (webtiles) character file.

Game seed: 4675310658308293457

5719 happo123 the Grappler (level 10, -1/94 HPs)
             Began as a Troll Berserker on May 16, 2022.
             Was an Elder of Trog.
             Succumbed to a killer bee's poison
             ... on level 8 of the Dungeon.
             The game lasted 00:25:58 (4896 turns).

happo123 the Grappler (Troll Berserker)             Turns: 4896, Time: 00:25:58

Health: -1/94      AC:  7    Str: 31    XL:     10   Next: 48%
Magic:  9/9        EV: 11    Int:  9    God:    Trog [****..]
Gold:   479        SH:  5    Dex:  9    Spells: 9/9 levels left

rFire   . . .      SeeInvis .     - Unarmed
rCold   . . .      Faith    .   (no shield)
rNeg    . . .      Spirit   .   H - +0 steam dragon scales
rPois   +          Reflect  +   (helmet restricted)
rElec   .          Harm     .   (no cloak)
rCorr   .          Rampage  .   (gloves unavailable)
Will    .....                   (boots unavailable)
Stlth   ++........              t - amulet of reflection
HPRegen 1.05/turn               u - +6 ring of intelligence
MPRegen 0.11/turn               C - ring of poison resistance

@: lethally poisoned (-1 -> -15), weak-willed
A: large, unfitting armour, claws 3, regeneration 1, shaggy fur 1, tough skin 1
a: Renounce Religion, Berserk, Trog's Hand, Brothers in Arms


You were on level 8 of the Dungeon.
You worshipped Trog.
Trog was greatly pleased with you.
You visited 1 branch of the dungeon, and saw 8 of its levels.

You collected 479 gold pieces.

Inventory:

Hand Weapons
 v - a +1 mace of protection
 B - the +1 hunting sling "Kaomm" {freeze, Str+2 Dex+2}
   (You found it on level 6 of the Dungeon)

   Any ammunition fired from it freezes those it strikes, dealing additional
   cold damage.
   It can also slow down cold-blooded creatures.
   Str:       It affects your strength (+2).
   Dex:       It affects your dexterity (+2).
Armour
 a - a +0 animal skin
 H - +0 steam dragon scales (worn)
Jewellery
 d - a ring of protection from fire
 g - an amulet of guardian spirit
 t - an amulet of reflection (around neck)
 u - a +6 ring of intelligence (left claw)
 C - a ring of poison resistance (right claw)
 E - a ring of flight
Wands
 y - a wand of flame (14)
Scrolls
 c - 2 scrolls of fog {unknown}
 e - 2 scrolls of enchant armour {unknown}
 f - a scroll of identify
 h - a scroll of blinking {unknown}
 i - a scroll of vulnerability
 k - a scroll of poison {unknown}
 m - 2 scrolls of amnesia {unknown}
 q - 3 scrolls of noise
 r - 4 scrolls of enchant weapon
 s - a scroll of torment {unknown}
 w - a scroll of summoning {unknown}
 x - a scroll of silence {unknown}
 F - a scroll of fear {unknown}
 G - a scroll of teleportation {unknown}
Potions
 b - a potion of brilliance {unknown}
 j - 2 potions of heal wounds {unknown}
 l - 4 potions of curing
 n - a potion of attraction {unknown}
 o - a potion of lignification {unknown}
 p - a potion of flight {unknown}
 z - 4 potions of magic
 A - a potion of cancellation {unknown}
 D - a potion of mutation {unknown}


   Skills:
 + Level 4.8 Fighting
 + Level 6.2 Dodging
 + Level 2.1 Stealth
 + Level 2.9 Shields
 + Level 12.5 Unarmed Combat


You had 9 spell levels left.
You didn't know any spells.
Your spell library was empty.

Dungeon Overview and Level Annotations

Branches:
Dungeon (8/15)             Temple (0/1) D:4
   Lair: D:8-11

Altars:
Elyvilon
Fedhas
Gozag
Sif Muna
Wu Jian
Yredelemnul

Shops:
D:2 (   D:6 *


Innate Abilities, Weirdness & Mutations

You are too large for most types of armour.
You have claws for hands.
Your natural rate of healing is unusually fast.
You are covered in fur. (AC +1)
You have tough skin. (AC +1)


Message History

You closely miss the hornet.
The hornet is almost dead.
The hornet stings you! x2
You are poisoned.
You feel very sick. You block the killer bee's attack.
The hornet closely misses you. The hornet barely misses you.
You feel yourself speed up.
You feel very sick. The killer bee stings you.
* * * LOW HITPOINT WARNING * * *
You are more poisoned.
The killer bee poisons you! The killer bee closely misses you.
The hornet misses you. You block the killer bee's attack.
The orc wizard hits you with a +0 dagger.
* * * LOW HITPOINT WARNING * * *
You mangle the orc wizard!!
You kill the orc wizard!
Trog accepts your kill.
Trog appreciates your killing of a magic user.
You feel very sick. The hornet stings you.
* * * LOW HITPOINT WARNING * * *
The killer bee stings you.
* * * LOW HITPOINT WARNING * * *
You are lethally poisoned!
The killer bee poisons you! You block the hornet's attack.
The killer bee attacks as you move away!
The killer bee stings you.
* * * LOW HITPOINT WARNING * * *
You are more poisoned.
The killer bee poisons you! The hornet attacks as you move away!
The hornet closely misses you.
* * * LOW HITPOINT WARNING * * *
You feel very sick. The killer bee barely misses you.
Items here: $ ) [ †.
As you read the scroll labelled SOTULO NIWEPY, it crumbles to dust.
Magic quickly surges around you.
It was a scroll of vulnerability.
You die...

...#
#.#..#################
...#
#.#...................
...#
#†#...................
####
#.#..#################
#.#).#.....#....o#
#.#.z#.....#.....#
#.#cy#..#..#..#..#
#.#.y#..#..#..#..#
#.#.y@..#.....#...
#.#)....#.... #...
#.####################
#..........[.........#
####################.#
#.# #.. ##. #.


You could see a centaur warrior (weak-willed), a hornet (weak-willed), 2 killer
bees and a wight (weak-willed).

Vanquished Creatures
  A two-headed ogre (D:6)
  Joseph (D:7)
  A slime creature (D:7)
  9 yaks
  3 steam dragons (D:8)
  2 vampire mosquitoes (D:8)
  An acid dragon (D:7)
  A sky beast (D:7)
  4 ogres
  2 centaurs
  A phantom (D:6)
  A kobold brigand (D:7)
  4 bullfrogs
  5 necrophages
  3 scorpions
  A water moccasin zombie (D:5)
  5 wights (D:8)
  2 howler monkeys
  A human zombie (D:5)
  3 orc priests
  2 gnoll shamans
  4 jellies
  3 iguanas
  5 orc wizards
  A scorpion zombie (D:5)
  A hound zombie (D:5)
  4 mummies (D:5)
  5 gnolls (D:6)
  A howler monkey zombie (D:5)
  9 adders
  2 shadow imps
  An adder zombie (D:5)
  2 worms
  3 dart slugs
  20 orcs
  5 ball pythons
  8 endoplasms
  A giant cockroach (D:1)
  4 goblins
  A hobgoblin (D:4)
  A quokka (D:1)
  7 bats
  2 frilled lizards (D:1)
  9 kobolds
  4 rats
156 creatures vanquished.

Notes
Turn   | Place    | Note
-------+----------+-------------------------------------------
     0 | D:1      | happo123 the Troll Berserker began the quest for the Orb.
     0 | D:1      | Reached XP level 1. HP: 22/22 MP: 0/0
   211 | D:1      | Reached XP level 2. HP: 29/29 MP: 1/1
   427 | D:1      | Found a faded altar of an unknown god.
   754 | D:2      | Reached XP level 3. HP: 29/36 MP: 2/2
   758 | D:2      | Reached ** piety under Trog
   787 | D:2      | Found Maam's Antique Weapon Boutique.
   972 | D:2      | Reached XP level 4. HP: 45/45 MP: 3/3
  1014 | D:2      | You fall into a shaft and drop 2 floors!
  1014 | D:4      | Found a staircase to the Ecumenical Temple.
  1106 | D:4      | Noticed a scorpion
  1115 | D:4      | Killed a scorpion
  1116 | D:4      | Reached skill level 4 in Unarmed Combat
  1119 | D:4      | Found a blossoming altar of Fedhas.
  1124 | D:4      | Found a shimmering blue altar of Sif Muna.
  1137 | D:4      | Found a white marble altar of Elyvilon.
  1193 | D:4      | Noticed an ogre
  1200 | D:4      | Killed an ogre
  1201 | D:4      | Reached XP level 5. HP: 23/53 MP: 1/4
  1273 | D:4      | Reached skill level 5 in Unarmed Combat
  1296 | D:4      | Reached XP level 6. HP: 56/61 MP: 5/5
  2144 | D:4      | Reached skill level 6 in Unarmed Combat
  2238 | D:4      | Reached XP level 7. HP: 67/67 MP: 6/6
  2510 | D:5      | Entered Level 5 of the Dungeon
  2700 | D:5      | Reached skill level 7 in Unarmed Combat
  2740 | D:5      | Reached *** piety under Trog
  2761 | D:5      | Noticed a yak
  2761 | D:5      | Noticed a yak
  2762 | D:5      | Noticed a yak
  2773 | D:5      | Killed a yak
  2775 | D:5      | Killed a yak
  2776 | D:5      | Reached XP level 8. HP: 75/75 MP: 7/7
  2777 | D:5      | Reached skill level 8 in Unarmed Combat
  2897 | D:5      | Reached skill level 1 in Stealth
  2899 | D:5      | Found a basalt altar of Yredelemnul.
  2928 | D:5      | Reached skill level 1 in Shields
  2928 | D:5      | Reached skill level 9 in Unarmed Combat
  3239 | D:6      | Reached skill level 5 in Dodging
  3270 | D:6      | Identified the +1 hunting sling "Kaomm" {freeze, Str+2
                  | Dex+2}
  3332 | D:6      | Found an ornate altar of the Wu Jian Council.
  3333 | D:6      | Noticed a two-headed ogre
  3337 | D:6      | Killed a two-headed ogre
  3338 | D:6      | Reached skill level 10 in Unarmed Combat
  3338 | D:6      | Reached XP level 9. HP: 84/84 MP: 8/8
  3338 | D:6      | Found an opulent altar of Gozag.
  3420 | D:6      | Found Erchokh's Elemental Accessories.
  4060 | D:7      | Reached skill level 11 in Unarmed Combat
  4069 | D:7      | Reached **** piety under Trog
  4097 | D:7      | Noticed Joseph
  4104 | D:7      | Killed Joseph
  4179 | D:7      | HP: 6/127 [orc/+0 trident (5)]
  4180 | D:7      | HP: 1/127 [centaur (6)]
  4327 | D:7      | Identified the +7 dagger "Beetleslayer" {elec, Contam rElec
                  | rN+ Int+4}
  4523 | D:8      | Reached XP level 10. HP: 64/94 MP: 9/9
  4726 | D:8      | Reached skill level 12 in Unarmed Combat
  4877 | D:8      | Noticed a centaur warrior
  4895 | D:8      | HP: 2/94 [poisoned by a killer bee]
  4896 | D:8      | Succumbed to a killer bee's poison

Illustrated notes

Levels and vault maps discovered:
D:1:      dpeg_arrival_lava_temple_mockup, layout_loops_ring,
          hellmonk_ecumenical_altar_zigzags
D:2:      layout_rooms, serial_shops, shop
D:3:      layout_rooms
D:4:      layout_loops_ring, minmay_overflow_temple_star_quad,
          minmay_temple_entry_tees, grunt_decor_fettered, minmay_cupped
D:5:      layout_cave_pools, lemuel_mausoleum_altar_yredelemnul,
          roderic_serpentine_path
D:6:      layout_gridville, jmf_multi_god_temple, nicolae_elemental_shop,
          minivault_11
D:7:      minmay_cornered_nines, layout_rooms, uniq_joseph
D:8:      kennysheep_windowed_halls, layout_basic

Skill      XL: |  1  2  3  4  5  6  7  8  9 10 |
---------------+-------------------------------+-----
Dodging        | 3 4 5 6 |  6.2
Fighting       | 3 4 |  4.8
Unarmed Combat | 4 5 6 7 10 11 12 | 12.5
Stealth        | 1 2 |  2.1
Shields        | 1 2 |  2.9

Action                   |  1- 3 |  4- 6 |  7- 9 | 10-12 || total
-------------------------+-------+-------+-------+-------++-------
Melee: Unarmed           |    64 |    93 |   228 |    69 ||   454
       Punch             |       |     2 |    14 |     9 ||    25
Invok: Berserk           |       |     2 |     4 |       ||     6
  Use: Scroll            |       |       |     4 |     1 ||     5
 Stab: Sleeping          |       |       |     2 |       ||     2
Armor: Animal skin       |    31 |    17 |    25 |     5 ||    78
       Steam dragon scal |       |       |       |     7 ||     7
Dodge: Dodged            |    45 |    30 |    68 |    39 ||   182
Block: Other             |       |     2 |    40 |    17 ||    59
       Reflection        |       |       |     3 |     3 ||     6

Table legend: (Time is in decaauts)
 A = Elapsed time spent in this place.
 B = Non-inter-level travel time spent in this place.
 C = Inter-level travel time spent in this place.
 D = Time resting spent in this place.
 E = Time spent auto-exploring this place.
 F = Levels seen in this place.
 G = Mean time per level.
                   A        B        C        D        E       F      G
               +--------+--------+--------+--------+--------+-----+--------+
         Total |   4893 |   4126 |    767 |    114 |   2976 |   8 |  611.6 |
       Dungeon |   4893 |   4126 |    767 |    114 |   2976 |   8 |  611.6 |
               +--------+--------+--------+--------+--------+-----+--------+

Top non-repeatable levels by time:
     D:4: 1001 daAuts
     D:6: 740 daAuts
     D:1: 700 daAuts
     D:5: 674 daAuts
     D:7: 589 daAuts
     D:3: 456 daAuts
     D:8: 367 daAuts
     D:2: 363 daAuts
